Match 27104141
Unlisted

Match 27104141
End
Selects Italian Combined Arms Battlegroup
Selects Italian Combined Arms Battlegroup
Selects Bersaglieri Squad
Bersaglieri Squad
Kradschützen Motorcycle Team
Bersaglieri Squad
Bersaglieri Squad
Construct Light Support Kompanie
Construct Mechanized Kompanie
Vehicle Survival Package
Selects Bersaglieri Bolster
8 Rad Armored Car
Marder III Tank Destroyer
Selects Breda Model 30 Light Machine Guns
Marder III Tank Destroyer
8 Rad Armored Car
Support Armor Elements
Marder III Tank Destroyer
Yellow staIrs
Sterben
Sir Biggus
Hevsik
Society is a Lie
Dave
General Idea
TEACHER701
0
0

Comments sign in to comment!

No comments posted yet!